PAAA
PHOENIX HOTSPUR RESERVES @ BAKERSFIELD NOBLES
07/20/2029
 
TOP OF THE 1ST
Phoenix Hotspur Reserves batting - Pitching for Bakersfield Nobles : RHP Ricardo Campos
Pitching: RHP Ricardo Campos
Batting: SHB Roberto López 0-0: Called Strike
0-1: Foul Ball, location: 2F
0-2: Fly out, F5 (Popup, 5F)
Batting: RHB Rubén Andrada 0-0: Ball
1-0: Called Strike
1-1: Swinging Strike
1-2: Ground out 5-3 (Groundball, 5)
Batting: RHB Julián De Paz 0-0: Ground out 1-3 (Groundball, 15)
Top of the 1st over - 0 runs, 0 hits, 0 errors, 0 left on base; Phoenix 0 - Bakersfield 0
BOTTOM OF THE 1ST
Bakersfield Nobles batting - Pitching for Phoenix Hotspur Reserves : RHP John Ball
Pitching: RHP John Ball
Batting: RHB Alfredo García 0-0: Foul Ball, location: 2F
0-1: Ball
1-1: Foul Ball, location: 2F
1-2: Fly out, F9 (Line Drive, 9)
Batting: LHB Ramón Félix 0-0: Ball
1-0: Called Strike
1-1: Ball
2-1: Foul Ball, location: 2F
2-2: Foul Ball, location: 2F
2-2: Ball
3-2: Base on Balls
Batting: SHB Jorge Velázquez 0-0: Ball
1-0: Called Strike
1-1: 2-RUN HOME RUN (Flyball, 9LD), Distance : 354 ft
Batting: RHB Tony Justice 0-0: Swinging Strike
0-1: Reached on error, E5 (Groundball, 56)
Batting: RHB Martinus Xhaka 0-0: Fly out, F7 (Flyball, 7)
Batting: SHB Gregg Wagner 0-0: Called Strike
0-1: Ball
1-1: Ball
2-1: Fly out, F7 (Flyball, 78D)
Bottom of the 1st over - 2 runs, 1 hit, 1 error, 1 left on base; Phoenix 0 - Bakersfield 2
TOP OF THE 2ND
Phoenix Hotspur Reserves batting - Pitching for Bakersfield Nobles : RHP Ricardo Campos
Batting: LHB Harumi Takaki 0-0: DOUBLE (Line Drive, 9LM)
Batting: RHB Jesús Mejía 0-0: Ball
1-0: Called Strike
1-1: Fly out, F9 (Flyball, 9S)
Batting: RHB Bob Curry 0-0: Ball
1-0: Ball
2-0: Ball
3-0: Base on Balls
Batting: RHB Júlio Mateo 0-0: Ball
1-0: Fly out, F9 (Line Drive, 9)
Batting: LHB Richard Alpert 0-0: Called Strike
0-1: Ball
1-1: Foul Ball, location: 2F
1-2: Strikes out swinging
Top of the 2nd over - 0 runs, 1 hit, 0 errors, 2 left on base; Phoenix 0 - Bakersfield 2
BOTTOM OF THE 2ND
Bakersfield Nobles batting - Pitching for Phoenix Hotspur Reserves : RHP John Ball
Batting: RHB Mario Blanco 0-0: Ball
1-0: Ball
2-0: Foul Ball, location: 2F
2-1: Called Strike
2-2: Ball
3-2: Ground out 6-3 (Groundball, 6)
Batting: RHB Omer Yurtseven 0-0: Ball
1-0: Ball
2-0: Ball
3-0: Called Strike
3-1: Called Strike
3-2: Foul Ball, location: 2F
3-2: Strikes out looking
Batting: SHB León Estrada 0-0: Ball
1-0: Called Strike
1-1: Ball
2-1: Ground out 1-3 (Groundball, 15)
Bottom of the 2nd over - 0 runs, 0 hits, 0 errors, 0 left on base; Phoenix 0 - Bakersfield 2
TOP OF THE 3RD
Phoenix Hotspur Reserves batting - Pitching for Bakersfield Nobles : RHP Ricardo Campos
Batting: LHB Derek Blair 0-0: Foul Ball, location: 2F
0-1: Ball
1-1: Ball
2-1: Ball
3-1: DOUBLE (Line Drive, 9LM)
Batting: SHB Roberto López 0-0: Foul Ball, location: 2F
0-1: Ball
1-1: Fly out, F9 (Flyball, 89M)
Runner from 2nd tags up, SAFE at 3rd with throw
Batting: RHB Rubén Andrada 0-0: Called Strike
0-1: Ball
1-1: Called Strike
1-2: Foul Ball, location: 2F
1-2: Reached on error, E5 (Groundball, 56)
Derek Blair scores
Batting: RHB Julián De Paz 0-0: Ball
1-0: Called Strike
1-1: Ground out 5-3 (Groundball, 56S)
Rubén Andrada to third
Batting: LHB Harumi Takaki 0-0: Ball
1-0: Called Strike
1-1: Hit by Pitch
Batting: RHB Jesús Mejía 0-0: Swinging Strike
0-1: Ball
1-1: Swinging Strike
1-2: Ball
2-2: Foul Ball, location: 2F
2-2: SINGLE (Line Drive, 8RS)
Rubén Andrada scores
Harumi Takaki to second
Batting: RHB Bob Curry 0-0: Ball
1-0: Called Strike
1-1: Fly out, F7 (Flyball, 7)
Top of the 3rd over - 2 runs, 2 hits, 1 error, 2 left on base; Phoenix 2 - Bakersfield 2
BOTTOM OF THE 3RD
Bakersfield Nobles batting - Pitching for Phoenix Hotspur Reserves : RHP John Ball
Batting: RHB Alfredo García 0-0: Ball
1-0: Called Strike
1-1: Ball
2-1: Foul Ball, location: 2F
2-2: Strikes out swinging
Batting: LHB Ramón Félix 0-0: Foul Ball, location: 2F
0-1: Ball
1-1: SINGLE (Groundball, 4D)
Batting: SHB Jorge Velázquez 0-0: Ball
1-0: Called Strike
1-1: Foul Ball, location: 2F
1-2: Ball
2-2: Ball
3-2: Fly out, F8 (Flyball, 8RD)
Batting: RHB Tony Justice 0-0: Ball
1-0: Fielders Choice at 2nd, 5-4 (Groundball, 56)
Bottom of the 3rd over - 0 runs, 1 hit, 0 errors, 1 left on base; Phoenix 2 - Bakersfield 2
TOP OF THE 4TH
Phoenix Hotspur Reserves batting - Pitching for Bakersfield Nobles : RHP Ricardo Campos
Batting: RHB Júlio Mateo 0-0: Swinging Strike
0-1: Foul Ball, location: 2F
0-2: SINGLE (Line Drive, 7S)
Batting: LHB Richard Alpert 0-0: Ball
1-0: Ground out U3 (Groundball, 34)
Júlio Mateo to second
Batting: LHB Derek Blair 0-0: Called Strike
0-1: Ball
1-1: Called Strike
1-2: Fly out, F3 (Line Drive, 3)
Batting: SHB Roberto López 0-0: Called Strike
0-1: Ball
1-1: Foul Ball, location: 2F
1-2: Strikes out looking
Top of the 4th over - 0 runs, 1 hit, 0 errors, 1 left on base; Phoenix 2 - Bakersfield 2
BOTTOM OF THE 4TH
Bakersfield Nobles batting - Pitching for Phoenix Hotspur Reserves : RHP John Ball
Batting: RHB Martinus Xhaka 0-0: Foul Ball, location: 2F
0-1: Called Strike
0-2: Strikes out swinging
Batting: SHB Gregg Wagner 0-0: Ball
1-0: Called Strike
1-1: Called Strike
1-2: Ball
2-2: Foul Ball, location: 2F
2-2: Foul Ball, location: 2F
2-2: Ball
3-2: Foul Ball, location: 2F
3-2: Strikes out swinging
Batting: RHB Mario Blanco 0-0: Ball
1-0: Swinging Strike
1-1: Ball
2-1: Ground out 4-3 (Groundball, 4)
Bottom of the 4th over - 0 runs, 0 hits, 0 errors, 0 left on base; Phoenix 2 - Bakersfield 2
TOP OF THE 5TH
Phoenix Hotspur Reserves batting - Pitching for Bakersfield Nobles : RHP Ricardo Campos
Batting: RHB Rubén Andrada 0-0: Called Strike
0-1: Swinging Strike
0-2: Ball
1-2: Foul Ball, location: 2F
1-2: SINGLE (Groundball, 15) (infield hit)
Batting: RHB Julián De Paz 0-0: Called Strike
0-1: Ball
Wild Pitch!
Rubén Andrada to second
1-1: SINGLE (Flyball, 7LS)
Rubén Andrada to third
Batting: LHB Harumi Takaki 0-0: Ball
1-0: Ball
2-0: Grounds into double play, 6-4-3 (Groundball, 6)
Rubén Andrada scores
Batting: RHB Jesús Mejía 0-0: Ball
1-0: Foul Ball, location: 2F
1-1: Ball
2-1: Ground out 6-3 (Groundball, 56)
Top of the 5th over - 1 run, 2 hits, 0 errors, 0 left on base; Phoenix 3 - Bakersfield 2
BOTTOM OF THE 5TH
Bakersfield Nobles batting - Pitching for Phoenix Hotspur Reserves : RHP John Ball
Batting: RHB Omer Yurtseven 0-0: Fly out, F8 (Flyball, 8RD)
Batting: SHB León Estrada 0-0: Ball
1-0: Fly out, F6 (Flyball, 56D)
Batting: RHB Alfredo García 0-0: Ball
1-0: Ball
2-0: SINGLE (Groundball, 6D)
Batting: LHB Ramón Félix 0-0: Ball
1-0: Foul Ball, location: 2F
1-1: Called Strike
Alfredo García is caught stealing 2nd base
Bottom of the 5th over - 0 runs, 1 hit, 0 errors, 0 left on base; Phoenix 3 - Bakersfield 2
TOP OF THE 6TH
Phoenix Hotspur Reserves batting - Pitching for Bakersfield Nobles : RHP Ricardo Campos
Batting: RHB Bob Curry 0-0: Foul Ball, location: 2F
0-1: Ball
1-1: Foul Ball, location: 2F
1-2: Foul Ball, location: 2F
1-2: Hit by Pitch
Batting: RHB Júlio Mateo 0-0: Ball
Wild Pitch!
Bob Curry to second
1-0: Ball
2-0: Swinging Strike
2-1: Swinging Strike
2-2: Ball
3-2: Strikes out swinging
Batting: LHB Richard Alpert 0-0: Ball
1-0: SINGLE (Groundball, 6MD)
Bob Curry to third
Runner from 3rd tries for Home, SAFE, no throw
Pitching: LHP Luis Ochoa
Batting: LHB Derek Blair 0-0: Called Strike
0-1: Ball
1-1: Ground out 5-3 (Groundball, 25)
Richard Alpert to second
Batting: SHB Roberto López 0-0: SINGLE (Groundball, 34D)
Richard Alpert to third
Runner from 3rd tries for Home, SAFE, no throw
Batting: RHB Rubén Andrada 0-0: Ball
1-0: Foul Ball, location: 2F
1-1: DOUBLE (Flyball, 78D)
Roberto López to third
Batting: RHB Julián De Paz 0-0: Ball
1-0: Called Strike
1-1: Called Strike
1-2: Foul Ball, location: 2F
1-2: Foul Ball, location: 2F
1-2: Fly out, F6 (Flyball, 6D)
Top of the 6th over - 2 runs, 3 hits, 0 errors, 2 left on base; Phoenix 5 - Bakersfield 2
BOTTOM OF THE 6TH
Bakersfield Nobles batting - Pitching for Phoenix Hotspur Reserves : RHP John Ball
Batting: LHB Ramón Félix 0-0: Foul Ball, location: 2F
0-1: Foul Ball, location: 2F
0-2: SINGLE (Line Drive, 7LS)
Batting: SHB Jorge Velázquez 0-0: Ball
1-0: Fly out, F8 (Flyball, 8LXD)
Batting: RHB Tony Justice 0-0: Ball
1-0: Swinging Strike
1-1: SINGLE (Groundball, 6M) (infield hit)
Ramón Félix to second
Batting: RHB Martinus Xhaka 0-0: Ball
1-0: Ball
2-0: Swinging Strike
2-1: Ball
3-1: Foul Ball, location: 2F
3-2: Base on Balls
Ramón Félix to third
Tony Justice to second
Batting: SHB Gregg Wagner 0-0: Ball
1-0: Fly out, F9 (Flyball, 9LD)
Runner from 3rd tags up, SCORES, throw made
Batting: RHB Mario Blanco 0-0: Ball
1-0: Fielders Choice at 2nd, 5-4 (Groundball, 5)
Bottom of the 6th over - 1 run, 2 hits, 0 errors, 2 left on base; Phoenix 5 - Bakersfield 3
TOP OF THE 7TH
Phoenix Hotspur Reserves batting - Pitching for Bakersfield Nobles : LHP Luis Ochoa
Batting: LHB Harumi Takaki 0-0: Called Strike
0-1: Ball
1-1: Swinging Strike
1-2: Ball
2-2: Ground out 1-3 (Groundball, 13)
Batting: RHB Jesús Mejía 0-0: Called Strike
0-1: Ball
1-1: Ball
2-1: Swinging Strike
2-2: Strikes out swinging
Batting: RHB Bob Curry 0-0: Ball
1-0: Ball
2-0: Called Strike
2-1: Ground out 4-3 (Groundball, 4)
Top of the 7th over - 0 runs, 0 hits, 0 errors, 0 left on base; Phoenix 5 - Bakersfield 3
BOTTOM OF THE 7TH
Bakersfield Nobles batting - Pitching for Phoenix Hotspur Reserves : RHP John Ball
Batting: RHB Omer Yurtseven 0-0: Called Strike
0-1: Ball
1-1: Ball
2-1: Ball
3-1: SINGLE (Flyball, 89M)
Batting: SHB León Estrada 0-0: Sac Bunt - play at first, batter OUT! 2-3
Omer Yurtseven to second
Batting: RHB Alfredo García 0-0: Ball
1-0: Ground out 6-3 (Groundball, 6)
Batting: LHB Ramón Félix 0-0: Ground out 5-3 (Groundball, 56)
Bottom of the 7th over - 0 runs, 1 hit, 0 errors, 1 left on base; Phoenix 5 - Bakersfield 3
TOP OF THE 8TH
Phoenix Hotspur Reserves batting - Pitching for Bakersfield Nobles : LHP Luis Ochoa
Pitching: RHP Rick Converse
Batting: RHB Júlio Mateo 0-0: Called Strike
0-1: Ball
1-1: Foul Ball, location: 2F
1-2: Ball
2-2: Strikes out looking
Batting: LHB Richard Alpert 0-0: Fly out, F7 (Line Drive, 7)
Batting: LHB Derek Blair 0-0: Ball
1-0: Ball
2-0: Ball
3-0: Base on Balls
Batting: SHB Roberto López 0-0: Called Strike
0-1: Swinging Strike
0-2: Foul Ball, location: 2F
0-2: Ball
1-2: Strikes out swinging
Top of the 8th over - 0 runs, 0 hits, 0 errors, 1 left on base; Phoenix 5 - Bakersfield 3
BOTTOM OF THE 8TH
Bakersfield Nobles batting - Pitching for Phoenix Hotspur Reserves : RHP John Ball
Batting: SHB Jorge Velázquez 0-0: Ball
1-0: Swinging Strike
1-1: Ball
2-1: Foul Ball, location: 2F
2-2: Ball
3-2: Base on Balls
Pitching: RHP Dennis Dunn
Batting: RHB Tony Justice 0-0: Called Strike
0-1: Called Strike
0-2: Ball
1-2: Fly out, F8 (Flyball, 8LM)
Batting: RHB Martinus Xhaka 0-0: Called Strike
0-1: Swinging Strike
0-2: Ball
1-2: Ball
2-2: Foul Ball, location: 2F
2-2: Foul Ball, location: 2F
2-2: Grounds into double play, 6-4-3 (Groundball, 6)
Bottom of the 8th over - 0 runs, 0 hits, 0 errors, 0 left on base; Phoenix 5 - Bakersfield 3
TOP OF THE 9TH
Phoenix Hotspur Reserves batting - Pitching for Bakersfield Nobles : RHP Rick Converse
Batting: RHB Rubén Andrada 0-0: Ball
1-0: Called Strike
1-1: Ball
2-1: Ball
3-1: Called Strike
3-2: Base on Balls
Batting: RHB Julián De Paz 0-0: Ball
Rubén Andrada is caught stealing 2nd base
1-0: Called Strike
1-1: Ball
2-1: Foul Ball, location: 2F
2-2: Fly out, F7 (Flyball, 7)
Batting: LHB Harumi Takaki 0-0: Ground out 4-3 (Groundball, 4)
Top of the 9th over - 0 runs, 0 hits, 0 errors, 0 left on base; Phoenix 5 - Bakersfield 3
BOTTOM OF THE 9TH
Bakersfield Nobles batting - Pitching for Phoenix Hotspur Reserves : RHP Dennis Dunn
Pitching: RHP Richard Osborn
Batting: SHB Gregg Wagner 0-0: Fly out, F7 (Flyball, 7S)
Batting: RHB Mario Blanco 0-0: Called Strike
0-1: Foul Ball, location: 2F
0-2: Ball
1-2: Foul Ball, location: 2F
1-2: Foul Ball, location: 2F
1-2: Ball
2-2: Strikes out swinging
Batting: RHB Omer Yurtseven 0-0: Called Strike
0-1: Called Strike
0-2: Foul Ball, location: 2F
0-2: Ball
1-2: Fly out, F9 (Flyball, 89D)
Bottom of the 9th over - 0 runs, 0 hits, 0 errors, 0 left on base; Phoenix 5 - Bakersfield 3
Tuesday, December 19th, 2017 - OOTP Baseball 18.8 Build 76